 Dungeon Crawl Stone Soup version 0.24-a0-459-g225fefd530 (webtiles) character file.

Game seed: 12286773548371167484

124 Iscandelvey the Vandal (level 4, -5/33 HPs)
             Began as a Demonspawn Arcane Marksman on June 28, 2019.
             Slain by a goblin
             ... wielding a +0 dagger
             ... led by Robin
              (6 damage)
             ... on level 3 of the Dungeon.
             The game lasted 00:01:37 (2124 turns).

Iscandelvey the Vandal (Demonspawn Arcane Marksman) Turns: 2124, Time: 00:01:38

Health: -5/33      AC:  4    Str: 10    XL:     4   Next: 81%
Magic:  5/5        EV: 12    Int: 16    God:
Gold:   192        SH:  0    Dex: 13    Spells: 4/5 levels left

rFire    . . .     SeeInvis .   a - +0 hunting sling
rCold    . . .     Gourm    .   (no shield)
rNeg     . . .     Faith    .   e - +0 robe
rPois    .         Spirit   .   (no helmet)
rElec    .         Reflect  .   (no cloak)
rCorr    .         Harm     .   (no gloves)
MR       .....                  (no boots)
Stlth    +.........             (no amulet)
HPRegen  0.11/turn              (no ring)
MPRegen  0.09/turn              (no ring)

@: no status effects
A: molten scales 1, powered by pain 1
a: no special abilities


You were on level 3 of the Dungeon.
You were not hungry.

You visited 1 branch of the dungeon, and saw 3 of its levels.

You collected 192 gold pieces.

Inventory:

Hand Weapons
 a - a +0 hunting sling (weapon)
Missiles
 d - 53 sling bullets (quivered)
 k - 20 stones
Armour
 e - a +0 robe (worn)
Jewellery
 o - an uncursed ring of stealth {unknown}
Scrolls
 b - a scroll of amnesia {unknown}
 c - 3 scrolls of enchant armour {unknown}
 i - 2 scrolls of remove curse {unknown}
 n - a scroll of identify {unknown}
 p - a scroll of fog {unknown}
 q - a scroll of blinking {unknown}
Potions
 g - 6 potions of curing {unknown}
 h - 2 potions of cancellation {unknown}
 j - 3 potions of flight {unknown}
 l - a potion of mutation {unknown}
 m - 2 potions of haste {unknown}
Comestibles
 f - 2 rations


   Skills:
 + Level 1.6 Fighting
 + Level 4.2 Slings
 + Level 2.0 Dodging
 + Level 1.0 Spellcasting
 + Level 3.1 Hexes


You had 4 spell levels left.
You knew the following spells:

 Your Spells              Type           Power        Failure   Level  Hunger
a - Corona                Hex            ##.....      6%          1    ##.....

Your spell library contained the following spells:

 Spells                   Type           Power        Failure   Level  Hunger
 Slow                     Hex            ##......     10%         2    ###....
 Inner Flame              Hex/Fire       #.......     36%         3    ####...
 Portal Projectile        Hex/Tloc       #.....       36%         3    ####...
 Cause Fear               Hex            ##........   54%         4    #####..
 Leda's Liquefaction      Hex/Erth       #.........   77%         4    #####..


Dungeon Overview and Level Annotations

Branches:
Dungeon (3/15)

Altars:
Trog

Annotations:
D:2 1 runed translucent door, Crazy Yiuf
D:3 Robin


Innate Abilities, Weirdness & Mutations

You are partially covered in molten scales. (AC +2)
You sometimes gain a little power by taking damage.


Message History

The goblin goes into a battle-frenzy!
The goblin closely misses you.
Firing (i - inventory. (/) - cycle)
d - 55 sling bullets (quivered)
Press: ? - help, Shift-Dir - straight line, f/p - goblin
Aim: a goblin, wielding a +0 dagger (unusually strong)
You shoot a sling bullet.
The sling bullet closely misses the goblin.
The goblin hits you with a +0 dagger.
* * * LOW HITPOINT WARNING * * *
The goblin hits you with a +0 dagger.
* * * LOW HITPOINT WARNING * * *
Firing (i - inventory. (/) - cycle)
d - 54 sling bullets (quivered)
Press: ? - help, Shift-Dir - straight line, f/p - goblin
Aim: a goblin, wielding a +0 dagger (unusually strong)
You shoot a sling bullet.
The sling bullet hits the goblin but does no damage.
The goblin hits you with a +0 dagger.
* * * LOW HITPOINT WARNING * * *
The goblin hits you with a +0 dagger.
You die...

#.)....############..##
##....(# .....# #[##..#
##...# #.###.# .... #.#
#.######## .#.# #.#
#......... .... #.#
#.######## ##.# ..# #g#
#.. ... #@# #.# #g# ..
#g# #. #g...# .####.#
.(.g.# .. ......
).....# ....###..#
.......# ....#.#...
....(...# #........
#+######.# .##..#.....


You could see Robin and 3 goblins.

Vanquished Creatures
  A hound (D:2)
  A gnoll (D:1)
  2 adders (D:2)
  An ooze (D:2)
  2 worms (D:2)
  A leopard gecko (D:3)
  9 bats
  2 giant cockroaches
  10 goblins
  10 hobgoblins
  5 kobolds
  2 ball pythons (D:1)
  4 frilled lizards (D:2)
  5 rats
55 creatures vanquished.

Notes
Turn   | Place    | Note
-------+----------+-------------------------------------------
     0 | D:1      | Iscandelvey the Demonspawn Arcane Marksman began the quest
                  | for the Orb.
     0 | D:1      | Reached XP level 1. HP: 15/15 MP: 2/2
   307 | D:1      | Reached skill level 2 in Slings
   365 | D:1      | Gained mutation: You sometimes gain a little power by
                  | taking damage. [demonic ancestry]
   365 | D:1      | Reached XP level 2. HP: 21/21 MP: 3/3
   925 | D:2      | Reached XP level 3. HP: 26/26 MP: 4/4
  1014 | D:2      | Reached skill level 3 in Slings
  1079 | D:2      | Found a bloodstained altar of Trog.
  1209 | D:2      | Gained mutation: You are partially covered in molten
                  | scales. (AC +2) [demonic ancestry]
  1209 | D:2      | Reached XP level 4. HP: 25/32 MP: 5/5
  1241 | D:2      | Found a runed translucent door.
  1242 | D:2      | Noticed Crazy Yiuf
  1372 | D:2      | Reached skill level 4 in Slings
  2101 | D:3      | Noticed Robin
  2124 | D:3      | HP: 1/33 [goblin/+0 dagger[Robin] (4)]
  2124 | D:3      | Slain by a goblin

Levels and vault maps discovered:
D:1:      giann_forest_graveyard, layout_basic, minivault_23
D:2:      layout_loops_ring, lemuel_crystal_altar, st_stairs_10,
          corexii_hall_statues_l, hangedman_decor_growths,
          uniq_crazy_yiuf_cottage
D:3:      layout_basic, corexii_hall_statues_t, chequers_big_river, uniq_robin

Skill      XL: |  1  2  3  4 |
---------------+-------------+-----
Slings         | 2 3 4 |  4.2
Dodging        | 2 |  2.0
Fighting       | |  1.6
Spellcasting   | |  1.0
Hexes          | |  3.1

Action                   |  1- 3 |  4- 6 || total
-------------------------+-------+-------++-------
 Fire: Hunting sling     |   103 |    68 ||   171
  Eat: Ration            |       |     1 ||     1
       Chunk             |       |     1 ||     1
Armor: Robe              |     8 |     7 ||    15
Dodge: Dodged            |    20 |    16 ||    36

Table legend:
 A = Non-vault XP
 B = Vault XP
 C = Vault XP percentage of total XP
 D = Non-vault monster count
 E = Vault monster count
 F = Vault count percentage of total count
                 A         B        C        D         E       F
            +---------+---------+-------+---------+---------+-------
      Total |     164 |      14 |   7.9 |      47 |       8 |  14.5
            +---------+---------+-------+---------+---------+-------
        D:1 |      38 |       0 |   0.0 |      16 |       0 |   0.0
        D:2 |     118 |       1 |   0.8 |      27 |       1 |   3.6
        D:3 |       8 |      13 |  61.9 |       4 |       7 |  63.6
            +---------+---------+-------+---------+---------+-------
